 Dungeon Crawl Stone Soup version 0.32-a0-42-ga30500b4d3 (webtiles) character file.

Game seed: 14141392680501983445

14829 CougarLife the Severer (level 11, -9/148 HPs)
             Began as a Minotaur Berserker on Jan 29, 2024.
             Was an Elder of Trog.
             Killed from afar by a gargoyle (19 damage)
             ... with a stone arrow
             ... on level 11 of the Dungeon.
             The game lasted 00:21:46 (12531 turns).

CougarLife the Severer (Minotaur Berserker)        Turns: 12531, Time: 00:21:47

Health: -9/148     AC: 16    Str: 30    XL:     11   Next: 93%
Magic:  10/10      EV: 10    Int:  6    God:    Trog [****..]
Gold:   657        SH:  0    Dex: 10    Spells: 10/10 levels left

rFire   . . .        M - +0 battleaxe
rCold   . . .        (shield currently unavailable)
rNeg    . . .        x - +0 storm dragon scales
rPois   .            (helmet restricted)
rElec   +            z - +0 cloak
rCorr   +            a - +0 pair of gloves
SInv    .            (no boots)
Will    .....        (no amulet) Stlth
                     h - ring of resist corrosion
HPRegen 0.44/turn    P - +6 ring of strength
MPRegen 0.12/turn

%: no passive effects
@: berserking, very quick
A: horns 2, retaliatory headbutt
a: Renounce Religion, Berserk, Trog's Hand, Brothers in Arms


You were on level 11 of the Dungeon.
You worshipped Trog.
Trog was greatly pleased with you.
You visited 2 branches of the dungeon, and saw 12 of its levels.

You collected 865 gold pieces.
You spent 208 gold pieces at shops.

Inventory:

Hand Weapons
 M - a +0 battleaxe (weapon)
 S - the +5 hand axe "Akoin" {drain, rC+++ Will+ rCorr Str-5 Stlth+}
   (You bought it in a shop on level 11 of the Dungeon)

   Str-5:     It affects your strength (-5).
   rC+++:     It renders you almost immune to cold.
   Will+:     It increases your willpower.
   rCorr:     It protects you from acid and corrosion.
   Stlth+:    It makes you more stealthy.
Missiles
 q - 6 boomerangs
 w - 2 throwing nets
 y - 33 poisoned darts (quivered)
 Q - a curare-tipped dart
Armour
 a - a +0 pair of gloves (worn)
 x - +0 storm dragon scales (worn)
 z - a +0 cloak (worn)
Jewellery
 h - a ring of resist corrosion (left hand)
 C - a ring of flight
 O - a +6 ring of dexterity
 P - a +6 ring of strength (right hand)
Wands
 e - a wand of polymorph (12)
 s - a wand of mindburst (7)
 v - a wand of flame (42)
 D - a wand of acid (6)
 G - a wand of roots (23)
 N - a wand of charming (8)
Scrolls
 b - a scroll of silence {unknown}
 j - 6 scrolls of revelation
 m - 4 scrolls of immolation
 n - 2 scrolls of vulnerability {unknown}
 o - 4 scrolls of teleportation
 r - 2 scrolls of fear
 t - a scroll of brand weapon {unknown}
 u - 2 scrolls of noise {unknown}
 A - a scroll of fog
 B - 3 scrolls of poison
 E - 2 scrolls of blinking
 H - 2 scrolls of enchant armour
 J - 2 scrolls of torment {unknown}
Potions
 c - 2 potions of curing
 d - 2 potions of cancellation {unknown}
 f - a potion of invisibility {unknown}
 i - a potion of resistance {unknown}
 k - a potion of enlightenment {unknown}
 l - 3 potions of brilliance {unknown}
 p - 2 potions of mutation {unknown}
 F - a potion of might {unknown}
 I - a potion of berserk rage {unknown}
 K - 2 potions of lignification {unknown}
 L - a potion of degeneration {unknown}
 R - a potion of attraction {unknown}


   Skills:
 - Level 10.1 Fighting
 + Level 16.3 Axes
 - Level 7.7 Throwing
 - Level 9.0 Armour
 * Level 5.6 Dodging


You had 10 spell levels left.
You didn't know any spells.
Your spell library was empty.

Dungeon Overview and Level Annotations

Branches:
Dungeon (11/15)            Temple (1/1) D:5            Lair (0/5) D:8
    Orc: D:9-12

Altars:
Ashenzari
Cheibriados
Dithmenos
Elyvilon
Fedhas
Gozag
Hepliaklqana
Kikubaaqudgha
Makhleb
Nemelex Xobeh
Okawaru
Qazlal
Ru
Sif Muna
Trog
Uskayaw
Vehumet
Wu Jian
Xom
Yredelemnul
Zin
The Shining One

Shops:
D:8 :   D:11 (=

Annotations:
D:8 1 transporter


Innate Abilities, Weirdness & Mutations

You have a pair of horns on your head.
You reflexively headbutt those who attack you in melee.


Message History

Your headbutt misses the green ugly thing.
The green ugly thing is heavily wounded.
You hit the gargoyle but do no damage.
The green ugly thing closely misses you.
The gargoyle barely misses you.
You closely miss the green ugly thing.
Your headbutt misses the green ugly thing.
The green ugly thing is heavily wounded.
You barely miss the gargoyle. You slice the green ugly thing!!
The green ugly thing is almost dead.
You hit the gargoyle but do no damage. The green ugly thing headbutts you!
* * * LOW HITPOINT WARNING * * *
The gargoyle hurls a stone arrow at you.
The stone arrow hits you!
* * * LOW HITPOINT WARNING * * *
You barely miss the green ugly thing.
Your headbutt misses the green ugly thing.
The green ugly thing is almost dead.
You hit the gargoyle but do no damage.
The green ugly thing headbutts you but does no damage.
You slash the green ugly thing!
You feel the power of Trog in you as your rage grows.
You kill the green ugly thing!
Trog accepts your kill.
You hit the gargoyle but do no damage.
The gargoyle hurls a stone arrow at you.
The stone arrow misses you.
The gargoyle hurls a stone arrow at you.
The stone arrow misses you.
Things that are here:
a +0 mace; 3 large rocks; an ugly thing corpse You hit the gargoyle but do no damage.
Your headbutt misses the gargoyle.
The gargoyle is moderately damaged.
Your skin stops crawling.
You feel less strong-willed.
You hit the gargoyle but do no damage.
The gargoyle is moderately damaged.
The gargoyle hurls a stone arrow at you.
The stone arrow hits you!!
You die...

.##..#####
#...# ####..
#...#...# ###
### #...#...#
..# #...#...#
#.#
#...#...####
#...#......#
.#.#...#......#
.......#......#
#...@9.###.#
#......# .#
#......# #
#......#
#......#
#......#
#......#
#.......


You could see a gargoyle.

Vanquished Creatures
  A fire dragon (D:11)
  Pikel (D:6)
  2 cyclopes (D:11)
  3 ugly things (D:11)
  Maurice (D:8)
  Jeremiah (D:7)
  Maggie (D:7)
  3 gargoyles (D:11)
  2 unseen horrors (D:11)
  A kobold demonologist (D:11)
  A komodo dragon (D:8)
  2 trolls (D:11)
  A slime creature (D:7)
  A wraith (D:8)
  A wyvern (D:9)
  A shadow (D:9)
  3 vampires
  14 yaks
  4 steam dragons
  Menkaure (D:7)
  3 acid dragons
  2 orc warriors
  3 sky beasts
  2 black bears
  2 ogres (D:6)
  3 ice beasts
  3 centaurs
  4 lemures (D:6)
  4 kobold brigands
  Blork the orc (D:5)
  3 bullfrogs
  2 gnoll sergeants
  3 scorpions
  12 wights
  6 killer bees (D:9)
  A howler monkey (D:7)
  4 hounds
  An orc priest (D:6)
  3 bombardier beetles
  12 jellies
  5 gnoll boudas
  Jessica (D:3)
  3 iguanas
  2 sleepcaps
  6 orc wizards
  5 adders
  35 gnolls
  2 shadow imps
  2 white imps
  4 ufetubi (D:5)
  5 dart slugs
  A ribbon worm (D:3)
  17 orcs
  16 endoplasms
  3 giant cockroaches
  7 goblins
  2 hobgoblins (D:1)
  5 jackals
  A quokka (D:4)
  9 ball pythons
  4 bats
  4 frilled lizards
  23 kobolds
  4 rats (D:1)
285 creatures vanquished.

Notes
Turn   | Place    | Note
-------+----------+-------------------------------------------
     0 | D:1      | CougarLife the Minotaur Berserker began the quest for the
                  | Orb.
     0 | D:1      | Reached XP level 1. HP: 19/19 MP: 0/0
   240 | D:1      | Reached skill level 4 in Axes
   301 | D:1      | Reached XP level 2. HP: 27/27 MP: 1/1
   658 | D:1      | Reached ** piety under Trog
   661 | D:1      | Reached XP level 3. HP: 33/33 MP: 2/2
   906 | D:2      | Found a glowing silver altar of Zin.
  1342 | D:2      | Reached skill level 5 in Axes
  1989 | D:3      | Reached XP level 4. HP: 33/41 MP: 3/3
  2195 | D:3      | Noticed Jessica
  2204 | D:3      | Killed Jessica
  2522 | D:4      | Reached skill level 6 in Axes
  2522 | D:4      | Reached XP level 5. HP: 47/47 MP: 4/4
  2717 | D:4      | Reached skill level 7 in Axes
  2717 | D:4      | Reached XP level 6. HP: 13/55 MP: 5/5
  3426 | D:5      | Entered Level 5 of the Dungeon
  3483 | D:5      | Found a hide-covered altar of Uskayaw.
  3485 | D:5      | Noticed Blork the orc
  3505 | D:5      | Killed Blork the orc
  3537 | D:5      | Reached skill level 8 in Axes
  3722 | D:5      | Reached XP level 7. HP: 51/60 MP: 6/6
  3728 | D:5      | Reached *** piety under Trog
  3923 | D:5      | Found a staircase to the Ecumenical Temple.
  4129 | D:5      | Reached skill level 5 in Armour
  4149 | D:5      | Reached skill level 9 in Axes
  4587 | D:5      | Reached XP level 8. HP: 31/67 MP: 7/7
  4900 | Temple   | Entered the Ecumenical Temple
  4935 | D:6      | Reached skill level 10 in Axes
  5662 | D:6      | Found a shadowy altar of Dithmenos.
  5748 | D:6      | Reached skill level 11 in Axes
  5776 | D:6      | Noticed Pikel
  5792 | D:6      | Killed Pikel
  5793 | D:6      | Reached skill level 12 in Axes
  5793 | D:6      | Reached XP level 9. HP: 22/73 MP: 8/8
  6186 | D:6      | Found a bloodstained altar of Trog.
  6591 | D:7      | Noticed Maggie
  6598 | D:7      | Killed Maggie
  6599 | D:7      | Reached skill level 13 in Axes
  6759 | D:7      | Reached skill level 5 in Fighting
  6793 | D:7      | Noticed Jeremiah
  6812 | D:7      | Killed Jeremiah
  7168 | D:7      | Reached **** piety under Trog
  7169 | D:7      | Reached XP level 10. HP: 70/86 MP: 9/9
  7368 | D:7      | Noticed Menkaure
  7374 | D:7      | Killed Menkaure
  7431 | D:7      | Reached skill level 14 in Axes
  7776 | D:8      | Found a staircase to the Lair.
  7799 | D:8      | Noticed Maurice
  7812 | D:8      | Killed Maurice
  7863 | D:8      | Found Olojuc's Book Emporium.
  8207 | D:8      | Noticed a catoblepas
  8210 | D:8      | Noticed a centaur warrior
  8231 | D:8      | Found a transporter.
  8232 | D:8      | Noticed a cyclops
  8673 | D:9      | Reached skill level 10 in Fighting
  8767 | D:9      | Reached skill level 1 in Throwing
  9146 | D:9      | Reached skill level 15 in Axes
  9540 | D:9      | Reached XP level 11. HP: 84/99 MP: 10/10
  9979 | D:10     | Entered Level 10 of the Dungeon
 10284 | D:10     | Reached skill level 5 in Throwing
 11153 | D:11     | Found Xuosich's Antique Weapon Shoppe.
 11161 | D:11     | Bought a fading hand axe for 208 gold pieces
 11161 | D:11     | Identified the +5 hand axe "Akoin" {drain, rC+++ Will+
                  | rCorr Str-5 Stlth+} (You bought it in a shop on level 11 of
                  | the Dungeon)
 11600 | D:11     | Found Rouras's Jewellery Shoppe.
 12083 | D:11     | Noticed a fire dragon
 12104 | D:11     | Killed a fire dragon
 12105 | D:11     | Reached skill level 16 in Axes
 12347 | D:11     | Noticed a white ugly thing
 12368 | D:11     | Killed a white ugly thing
 12511 | D:11     | Noticed a green ugly thing
 12511 | D:11     | Noticed a red ugly thing
 12521 | D:11     | Reached skill level 5 in Dodging
 12522 | D:11     | Killed a green ugly thing
 12526 | D:11     | HP: 7/148 [gargoyle/stone arrow (17)]
 12528 | D:11     | Killed a green ugly thing
 12531 | D:11     | Killed from afar by a gargoyle

Illustrated notes

Levels and vault maps discovered:
D:1:      dpeg_arrival_radiant, layout_loops_cross
D:2:      layout_basic, basic_altar, chequers_jeans
D:3:      layout_rooms, uniq_jessica
D:4:      layout_loops_cross, serial_rivers, chequers_serial_rivers_room_b,
          chequers_serial_rivers_micro_a, chequers_serial_rivers_micro_c,
          chequers_serial_rivers_micro_c, chequers_serial_rivers_room_a,
          chequers_serial_rivers_room_a
D:5:      layout_basic, eat_drink_and_be_merry_uskayaw,
          minmay_temple_entry_mini_moons, grunt_ministairs_13,
          uniq_blork_the_orc
D:6:      layout_loops_cross, kennysheep_mini,
          nicolae_dithmenos_through_a_glass_darkly,
          serial_library_regret_index_small_wings, uniq_pikel
D:7:      lemuel_slime, layout_basic, uniq_maggie, uniq_menkaure, uniq_jeremiah
D:8:      gammafunk_the_bubble [the_bubble_gammafunk_grid], layout_loops_ring,
          david_lair_shrubbed, serial_shops, nicolae_shop_peninsula,
          uniq_maurice
D:9:      layout_long_grid
D:10:     layout_cave_pods, minmay_misc_feat_iff
D:11:     minmay_the_grid_3x3 [minmay_the_grid_box_x,
          minmay_the_grid_outer_diamond, minmay_the_grid_holed_spiral,
          minmay_the_grid_gridbox, minmay_the_grid_rooms,
          minmay_the_grid_spikes, minmay_the_grid_medium_cups,
          minmay_the_grid_dragon_b, minmay_the_grid_prize_shrinking_boxes],
          layout_long_grid, serial_shops, shop, nicolae_shop_drivethru, shop,
          kennysheep_little_box, nicolae_shop_real_fake_doors,
          lemuel_flame_loot_1
Temple:   nicolae_temple_bog_church

Skill      XL: |  1  2  3  4  5  6  7  8  9 10 11 |
---------------+----------------------------------+-----
Axes           | 4 5 6 7 8 9 12 13 15 16 | 16.3
Fighting       | 4 7 10 | 10.1
Armour         | 3 4 6 7 9 |  9.0
Throwing       | 4 7 |  7.7
Dodging        | 5 |  5.6

Action                     |  1- 3 |  4- 6 |  7- 9 | 10-12 || total
---------------------------+-------+-------+-------+-------++-------
  Melee: Hand axe          |   102 |   104 |    73 |     3 ||   282
         Headbutt          |    11 |    18 |    44 |    68 ||   141
         War axe           |       |       |   240 |   279 ||   519
         Punch             |       |       |     4 |     2 ||     6
         Battleaxe         |       |       |       |   100 ||   100
  Throw: Dart              |       |       |       |     7 ||     7
 Invoke: Berserk           |       |     1 |     6 |     7 ||    14
         Trog's Hand       |       |     1 |     3 |     7 ||    11
  Evoke: Wand              |       |       |       |     1 ||     1
    Use: Scroll            |       |       |     5 |     6 ||    11
         Potion            |       |       |       |     6 ||     6
 Armour: Animal skin       |    47 |       |       |       ||    47
         Scale mail        |     7 |    12 |       |       ||    19
         Storm dragon scal |       |    68 |   209 |   437 ||   714
  Dodge: Dodged            |    61 |    61 |   104 |   153 ||   379

Table legend: (Time is in decaauts)
 A = Elapsed time spent in this place.
 B = Non-inter-level travel time spent in this place.
 C = Inter-level travel time spent in this place.
 D = Time resting spent in this place.
 E = Time spent auto-exploring this place.
 F = Levels seen in this place.
 G = Mean time per level.
                   A        B        C        D        E       F      G
               +--------+--------+--------+--------+--------+-----+--------+
         Total |  12584 |  12243 |    341 |   3450 |   6718 |  12 | 1048.7 |
       Dungeon |  12582 |  12241 |    341 |   3450 |   6718 |  11 | 1143.8 |
        Temple |      1 |      1 |      0 |      0 |      0 |   1 |    1.0 |
               +--------+--------+--------+--------+--------+-----+--------+

Top non-repeatable levels by time:
     D:5: 1485 daAuts
    D:11: 1403 daAuts
     D:9: 1387 daAuts
     D:6: 1377 daAuts
     D:7: 1319 daAuts
    D:10: 1175 daAuts
     D:2: 1062 daAuts
     D:8: 969 daAuts
     D:4: 930 daAuts
     D:1: 900 daAuts
     D:3: 571 daAuts
  Temple: 1 daAuts
